 Dungeon Crawl Stone Soup version 0.13.1-22-g086cdba (webtiles) character file.

301 Kae the Insei (level 5, -7/40 HPs)
             Began as a Draconian Transmuter on Jan 1, 2014.
             Mangled by Grinder (10 damage)
             ... on Level 3 of the Dungeon.
             The game lasted 00:03:32 (2420 turns).

Kae the Insei (Draconian Transmuter)                Turns: 2420, Time: 00:03:32

HP  -7/40        AC  6     Str 12      XL: 5   Next:  9%
MP   6/7         EV 12     Int 13      God:
Gold 152         SH  0     Dex 13      Spells:  2 memorised,  4 levels left

Res.Fire  : . . .   See Invis. : .     - Unarmed
Res.Cold  : . . .   Warding    : .   (armour unavailable)
Life Prot.: . . .   Conserve   : .   (no shield)
Res.Poison: .       Res.Corr.  : .   (helmet restricted)
Res.Elec. : .       Clarity    : .   o - +0 cloak
Sust.Abil.: . .     Spirit.Shd : .   (no gloves)
Res.Mut.  : .       Stasis     : .   (no boots)
Res.Rott. : .       Flight     : .   (no amulet)
Saprovore : . . .                    (no ring)
                                     (no ring)

@: slightly resistant to hostile enchantments, unstealthy
A: unfitting armour, AC +5
a: no special abilities


You were on level 3 of the Dungeon.
You were not hungry.

You visited 1 branch of the dungeon, and saw 3 of its levels.

You collected 132 gold pieces.

Inventory:

Missiles
 b - 23 arrows
Armour
 o - a +0 cloak (worn)
Comestibles
 a - 2 bread rations
 q - 3 chunks of orc flesh
Scrolls
 e - a scroll of teleportation {unknown}
 h - 3 scrolls of remove curse {unknown}
 i - 2 scrolls of magic mapping {unknown}
 j - 2 scrolls of identify {unknown}
 l - 2 scrolls of amnesia {unknown}
 s - 3 scrolls of enchant armour {unknown}
Jewellery
 f - an uncursed amulet of clarity {unknown}
 m - an uncursed amulet of the gourmand {unknown}
 n - an uncursed ring of wizardry {unknown}
Potions
 c - a potion of curing
 g - a potion of restore abilities
 k - a potion of agility {unknown}
 r - a potion of poison {unknown}
Books
 d - a book of Changes

   Spells                             Type                      Level
   *Beastly Appendage                 Transmutation                1
   Sticks to Snakes                   Transmutation                2
   *Spider Form                       Transmutation/Poison         3
   Ice Form                           Ice/Transmutation            4
   Blade Hands                        Transmutation                5


   Skills:
 - Level 1.1 Fighting
 - Level 1.7 Dodging
 * Level 5.2 Unarmed Combat
 - Level 2.0 Spellcasting
 + Level 3.2 Transmutations


You had 4 spell levels left.
You knew the following spells:

 Your Spells              Type           Power        Failure   Level  Hunger
a - Beastly Appendage     Trmt           #.....       10%         1    ##.....
b - Spider Form           Trmt/Pois      #.........   38%         3    ####...


Dungeon Overview and Level Annotations

Branches:
Dungeon (3/27)

Altars:
Makhleb
Trog

Annotations:
D:3 exclusion: orc wizard, Grinder


Message History

Some of the chunks of flesh in your inventory have completely rotted away.
You barely miss Grinder.
Grinder is severely wounded.
You hit Grinder.
Grinder is almost dead.
Grinder hits you.
* * * LOW HITPOINT WARNING * * *
You writhe in agony.
* * * LOW HITPOINT WARNING * * *
You barely miss Grinder.
Grinder is almost dead.
Grinder closely misses you.
You hit Grinder.
You tail-slap Grinder, but do no damage.
Grinder is almost dead.
Grinder barely misses you.
You hit Grinder.
Grinder is almost dead.
Grinder hits you!
You die...

######
########
#....#
#......#
#....#
#......#
#....#####
#......#
##....'...##
#......#
.'....###..#
#...<..#
##....#
##.###.(....#
#..>.#
#......@5..#
##'###
#####......#
###.#
##.....#
#...# #.....#
#.### #..⌠..#
#.# #.....#
#.# .......#
#'#####
.......
..(...###
......


You could see Grinder.

Vanquished Creatures
  Crazy Yiuf (D:2)
  An orc priest (D:3)
  2 adders
  A worm (D:2)
  2 giant geckos
  An ooze (D:1)
  9 orcs
  3 bats
  A giant cockroach (D:3)
  9 goblins
  5 hobgoblins
  3 jackals (D:2)
  A ball python (D:2)
  3 giant newts
  7 kobolds
  7 rats
56 creatures vanquished.

Notes
Turn   | Place    | Note
--------------------------------------------------------------
     0 | D:1      | Kae, the Draconian Transmuter, began the quest for the Orb.
     0 | D:1      | Reached XP level 1. HP: 16/16 MP: 1/1
   520 | D:1      | Reached XP level 2. HP: 14/23 MP: 0/3
  1081 | D:2      | Reached XP level 3. HP: 17/28 MP: 4/4
  1233 | D:2      | Reached skill level 4 in Unarmed Combat
  1403 | D:2      | Found a bloodstained altar of Trog.
  1741 | D:2      | Noticed Crazy Yiuf
  1747 | D:2      | Learned a level 3 spell: Spider Form
  1756 | D:2      | Killed Crazy Yiuf
  1756 | D:2      | Reached XP level 4. HP: 17/35 MP: 1/6
  2081 | D:3      | Found a burning altar of Makhleb.
  2246 | D:3      | Reached skill level 5 in Unarmed Combat
  2250 | D:3      | Reached XP level 5. HP: 24/40 MP: 5/7
  2395 | D:3      | Noticed Grinder
  2417 | D:3      | HP: 2/40 [Grinder (6)]
  2420 | D:3      | Mangled by Grinder

Action                   |  1- 3 |  4- 6 || total
-------------------------+-------+-------++-------
Melee: Unarmed           |   129 |    63 ||   192
 Cast: Beastly Appendage |     4 |     3 ||     7
       Spider Form       |     1 |     1 ||     2
  Use: Potion            |       |     2 ||     2
 Stab: Invisible         |     1 |       ||     1
